 Dungeon Crawl Stone Soup version 0.26-a0-259-g1effd00 (webtiles) character file.

Game seed: 13187648208492555416

386 Atlas the Stinger (level 6, 0/36 HPs)
             Began as an Octopode Venom Mage on July 7, 2020.
             Slain by an ufetubus (1 damage)
             ... on level 5 of the Dungeon on July 10, 2020.
             The game lasted 00:24:21 (6317 turns).

Atlas the Stinger (Octopode Venom Mage)             Turns: 6317, Time: 00:24:22

Health: 0/36       AC:  1    Str:  8    XL:     6   Next: 78%
Magic:  8/12       EV: 13    Int: 19    God:
Gold:   110        SH:  0    Dex: 12    Spells: 3/13 levels left

rFire    . . .     SeeInvis +   (no weapon)
rCold    . . .     Faith    .   (no shield)
rNeg     . . .     Spirit   .   (helmet restricted)
rPois    .         Reflect  .   (no amulet)
rElec    .         Harm     .   m - ring of see invisible
rCorr    .                      (no ring)
MR       .....                  (no ring)
Stlth    +++.......             (no ring)
HPRegen  0.12/turn              (no ring)
MPRegen  0.13/turn              (no ring)
                                (no ring)
                                (no ring)

@: no status effects
A: almost no armour, stealthy swim, amphibious, 8 rings, constrict 8, camouflage
1, gelatinous body 1
a: no special abilities


You were on level 5 of the Dungeon.
You were not hungry.

You visited 1 branch of the dungeon, and saw 5 of its levels.

You collected 215 gold pieces.
You spent 105 gold pieces at shops.

Inventory:

Jewellery
 m - a ring of see invisible (left tentacle)
Scrolls
 a - 2 scrolls of amnesia {unknown}
 c - 2 scrolls of enchant weapon {unknown}
 e - 4 scrolls of identify {unknown}
 h - a scroll of fear {unknown}
 k - a scroll of enchant armour {unknown}
 l - 2 scrolls of magic mapping {unknown}
 n - 2 scrolls of noise {unknown}
 p - 2 scrolls of teleportation {unknown}
 q - a scroll of remove curse {unknown}
 r - a scroll of blinking
Potions
 d - 2 potions of heal wounds
 f - a potion of might {unknown}
 g - a potion of mutation {unknown}
 i - 3 potions of stabbing
 j - a potion of haste
 o - a potion of degeneration {unknown}
Comestibles
 b - 10 rations


   Skills:
 + Level 0.2 Fighting
 + Level 2.2 Dodging
 + Level 3.5 Stealth
 + Level 0.5 Unarmed Combat
 + Level 4.0 Spellcasting
 + Level 1.2 Transmutations
 + Level 2.7 Air Magic
 + Level 5.8 Poison Magic


You had 3 spell levels left.
You knew the following spells:

 Your Spells              Type           Power        Failure   Level
a - Poisonous Vapours     Pois/Air       ###...       3%          2
b - Sting                 Tmut/Pois      ###.         3%          1
c - Mephitic Cloud        Conj/Pois/Air  ##......     13%         3
d - Olgreb's Toxic Radia  Pois           ####....     12%         4

Your spell library contained the following spells:

 Spells                   Type           Power        Failure   Level
 Ignite Poison            Fire/Tmut/Pois ##......     16%         3


Dungeon Overview and Level Annotations

Branches:
Dungeon (5/15)
 Temple: D:4-7

Altars:
Elyvilon
Gozag
Hepliaklqana
Makhleb
Zin
The Shining One

Shops:
D:4 *


Innate Abilities, Weirdness & Mutations

You cannot wear most types of armour.
You are very stealthy in the water. (Stealth+)
You are amphibious.
You can wear up to eight rings at the same time.
You can use your tentacles to constrict eight enemies at once.
Your skin changes colour to match your surroundings (Stealth+).
Your rubbery body absorbs attacks. (AC +1, EV +1)


Message History

You start resting.
An ufetubus comes into view.
Casting: Poisonous Vapours (safe; 3% risk of failure)
Confirm with . or Enter, or press ? or * to list all spells.
Aiming: Poisonous Vapours (safe; 3% risk of failure)
Press: ? - help, Dir - move target cursor, f - ufetubus
Aim: an ufetubus (wandering, hasn't noticed you) Poisonous vapours surround the ufetubus!
The ufetubus shouts!
The ufetubus is engulfed in poison gas.
The ufetubus is poisoned.
Casting: Poisonous Vapours (safe; 3% risk of failure)
Confirm with . or Enter, or press ? or * to list all spells.
Aiming: Poisonous Vapours (safe; 3% risk of failure)
Press: ? - help, Dir - move target cursor, f/p - ufetubus
Aim: an ufetubus (heavily wounded, poisoned) Poisonous vapours surround the ufetubus!
The ufetubus looks even sicker.
The ufetubus hits you.
* * * LOW HITPOINT WARNING * * *
The ufetubus hits you.
You die...

#. #. #.
#.########
.........
####.....###
#.<.........
#.##.#......
#@##.# #.###
#5##W. #
#......
#......#
.......#
......!#
#$.....#
###.##.#


You could see an ufetubus (very poisoned).

Vanquished Creatures
  A hound (D:4)
  3 orc priests
  4 worker ants
  6 adders
  An ooze (D:4)
  3 worms
  7 dart slugs
  3 leopard geckos
  9 orcs
  4 ball pythons
  9 bats
  4 giant cockroaches
  5 goblins
  6 hobgoblins
  3 jackals (D:3)
  2 quokkas
  6 frilled lizards
  8 kobolds
  5 rats
89 creatures vanquished.

Notes
Turn   | Place    | Note
-------+----------+-------------------------------------------
     0 | D:1      | Atlas the Octopode Venom Mage began the quest for the Orb.
     0 | D:1      | Reached XP level 1. HP: 11/11 MP: 3/3
   145 | D:1      | Reached skill level 4 in Poison Magic
   145 | D:1      | Reached XP level 2. HP: 5/17 MP: 0/5
   610 | D:1      | Learned a level 2 spell: Poisonous Vapours
  1115 | D:1      | Reached XP level 3. HP: 21/21 MP: 1/6
  1301 | D:1      | Learned a level 3 spell: Mephitic Cloud
  1888 | D:2      | Upgraded the game from 0.26-a0-224-g2964c8c to
                  | 0.26-a0-259-g1effd00
  2306 | D:2      | Reached XP level 4. HP: 27/27 MP: 3/8
  2679 | D:2      | Found a hazy altar of Hepliaklqana.
  2743 | D:2      | Reached skill level 1 in Air Magic
  3279 | D:3      | Reached XP level 5. HP: 31/31 MP: 4/10
  3381 | D:3      | Reached skill level 5 in Poison Magic
  3709 | D:3      | Found a white marble altar of Elyvilon.
  3958 | D:3      | Found a glowing silver altar of Zin.
  4508 | D:3      | Found a glowing golden altar of the Shining One.
  4766 | D:4      | Found a burning altar of Makhleb.
  4771 | D:4      | Reached XP level 6. HP: 36/36 MP: 6/11
  4777 | D:4      | Learned a level 4 spell: Olgreb's Toxic Radiance
  5245 | D:4      | Found an opulent altar of Gozag.
  5396 | D:4      | Found Ymuregy's General Store.
  5399 | D:4      | Bought a scroll of blinking for 105 gold pieces
  6032 | D:5      | Entered Level 5 of the Dungeon
  6243 | D:5      | Noticed a phantom
  6317 | D:5      | HP: 1/36 [ufetubus (5)]
  6317 | D:5      | Slain by an ufetubus

Illustrated notes

Levels and vault maps discovered:
D:1:      dpeg_arrival_stone_temple_mockup, layout_loops_ring
D:2:      layout_basic, nicolae_overflow_hidden_temple, serial_glass,
          glass_columns_b, glass_columns_a, glass_columns_b, glass_columns_b,
          glass_columns_a, glass_columns_a
D:3:      cheibrodos_old_hovel, layout_basic, lemuel_doored_altar,
          lemuel_round_altar, lemuel_round_altar, first_ration
D:4:      layout_loops_ring, lemuel_coloured_pillars_altar, serial_shops,
          kennysheep_mini, makhleb_heckhound_becter
D:5:      layout_loops_ring, temple_statues, enter_ossuary_3, serial_park_tiny_1

Skill      XL: |  1  2  3  4  5  6 |
---------------+-------------------+-----
Poison Magic   | 4 5 |  5.8
Spellcasting   | 3 4 |  4.0
Air Magic      | 1 2 |  2.7
Stealth        | 3 |  3.5
Fighting       | |  0.2
Dodging        | |  2.2
Unarmed Combat | |  0.5
Transmutations | |  1.2

Action                   |  1- 3 |  4- 6 || total
-------------------------+-------+-------++-------
Melee: Unarmed           |    10 |    52 ||    62
       Constrict         |     6 |    16 ||    22
       Tentacles         |     3 |    12 ||    15
 Cast: Sting             |    14 |     2 ||    16
       Poisonous Vapours |    38 |    79 ||   117
       Olgreb's Toxic Ra |       |     2 ||     2
  Use: Potion            |       |     3 ||     3
  Eat: Ration            |     2 |     3 ||     5
Armor: Skin              |     2 |     7 ||     9
Dodge: Dodged            |     7 |    45 ||    52

Table legend:
 A = Non-vault XP
 B = Vault XP
 C = Vault XP percentage of total XP
 D = Non-vault monster count
 E = Vault monster count
 F = Vault count percentage of total count
                 A         B        C        D         E       F
            +---------+---------+-------+---------+---------+-------
      Total |     506 |      46 |   8.3 |      87 |       2 |   2.2
            +---------+---------+-------+---------+---------+-------
        D:1 |      39 |       0 |   0.0 |      19 |       0 |   0.0
        D:2 |      81 |       0 |   0.0 |      22 |       0 |   0.0
        D:3 |     161 |       1 |   0.6 |      29 |       1 |   3.3
        D:4 |     185 |      45 |  19.6 |      14 |       1 |   6.7
        D:5 |      40 |       0 |   0.0 |       3 |       0 |   0.0
            +---------+---------+-------+---------+---------+-------
